 Dungeon Crawl Stone Soup version 0.25-a0-346-g140ab784a8 (webtiles) character file.

Game seed: 4893518794046779175, levelgen mode: classic

19117 EnegeticOcto the Cleaver (level 12, 0/145 HPs)
             Began as a Vampire Monk on Dec 31, 2019.
             Was the Champion of Okawaru.
             Slain by a deep elf mage
             ... wielding a +0 dagger
              (3 damage)
             ... on level 10 of the Dungeon.
             The game lasted 00:22:45 (13145 turns).

EnegeticOcto the Cleaver (Vampire Monk)            Turns: 13145, Time: 00:22:46

Health: 0/145      AC: 13    Str: 19    XL:     12   Next: 33%
Magic:  0/15       EV: 10    Int: 13    God:    Okawaru [******]
Gold:   903        SH: 11    Dex: 17    Spells: 11/11 levels left

rFire    . . .     SeeInvis +   a - +4 broad axe (chop)
rCold    + . .     Gourm    .   F - +1 shield {AC+3}
rNeg     . . .     Faith    .   w - +3 scale mail
rPois    .         Spirit   +   j - +0 mask of the Dragon {MR+ Slay+3 SInv}
rElec    .         Reflect  .   (no cloak)
rCorr    +         Harm     .   (no gloves)
MR       ++...                  (no boots)
Stlth    ..........             x - amulet of guardian spirit
HPRegen  0.54/turn              p - ring of resist corrosion
MPRegen  0.14/turn              D - ring of protection from cold

@: berserking, regenerating quickly, very quick
A: no food, fangs 3, see invisible, unbreathing
a: Exsanguinate, Heroism, Finesse, Renounce Religion


You were on level 10 of the Dungeon.
You worshipped Okawaru.
Okawaru was exalted by your worship.
You were alive.

You visited 1 branch of the dungeon, and saw 11 of its levels.

You collected 1345 gold pieces.
You spent 442 gold pieces at shops.

Inventory:

Hand Weapons
 a - a +4 broad axe of chopping (weapon)
 b - a +0 war axe of flaming
 z - a +2 hand axe of distortion
Missiles
 o - 10 poisoned darts (quivered)
Armour
 j - the +0 mask of the Dragon (worn) {MR+ Slay+3 SInv}
   (Okawaru gifted it to you on level 11 of the Dungeon)

   It affects your accuracy and damage with ranged weapons and melee attacks
   (+3).
   It affects your resistance to hostile enchantments.
   It lets you see invisible.
 w - a +3 scale mail (worn)
 F - a +1 shield of protection (worn)
 G - the +0 helmet of the Stag {Str+4}
   (You bought it in a shop on level 10 of the Dungeon)

   It affects your strength (+4).
Jewellery
 p - a ring of resist corrosion (left hand)
 x - an amulet of guardian spirit (around neck)
 D - a ring of protection from cold (right hand)
Wands
 q - a wand of paralysis (2)
 r - a wand of acid (3)
 A - a wand of flame (9)
 E - a wand of iceblast (5)
Scrolls
 c - 2 scrolls of summoning
 d - 2 scrolls of teleportation {@r3 !r}
 i - 3 scrolls of remove curse {@r2}
 k - a scroll of fog {!r}
 u - a scroll of magic mapping {@r5 !r}
 v - 3 scrolls of immolation
 y - 2 scrolls of enchant armour
 B - 3 scrolls of identify {@r1}
 C - a scroll of fear {!r}
Potions
 e - a potion of mutation
 f - 3 potions of agility {@q5 !q}
 g - 4 potions of flight
 h - 3 potions of lignification {@q6}
 l - 2 potions of brilliance
 n - 3 potions of might {@q3 !q}
 s - a potion of haste {unknown}
 t - 2 potions of curing {@q1 !q}
Miscellaneous
 H - a box of beasts


   Skills:
 - Level 10.0 Fighting
   Level 3.2 Short Blades
 * Level 12.7 Axes
 - Level 5.0 Armour
 - Level 4.0 Dodging
 - Level 5.0 Stealth
 + Level 6.0 Shields
 - Level 4.0 Invocations


You had 11 spell levels left.
You didn't know any spells.
Your spell library contained the following spells:

 Spells                   Type           Power        Failure   Level  Hunger
 Animate Skeleton         Necr           N/A          95%         1    N/A
 Apportation              Tloc           #.....       95%         1    N/A
 Confusing Touch          Hex            #.....       95%         1    N/A
 Magic Dart               Conj           #...         95%         1    N/A
 Summon Small Mammal      Summ           #...         95%         1    N/A
 Searing Ray              Conj           #.....       99%         2    N/A
 Dazzling Flash           Conj/Hex       #.....       100%        3    N/A
 Fulminant Prism          Conj/Hex       #.........   100%        4    N/A
 Iskenderun's Mystic Bla  Conj/Tloc      #.......     100%        4    N/A

Dungeon Overview and Level Annotations

Branches:
Dungeon (11/15)            Temple (0/1) D:5            Lair (0/6) D:10
    Orc (0/2) D:11

Altars:
Ashenzari
Cheibriados
Dithmenos
Elyvilon
Fedhas
Nemelex Xobeh
Okawaru
Uskayaw
Wu Jian

Shops:
D:5 }   D:6 *   D:8 *   D:9 (   D:10 [   D:11 [


Innate Abilities, Weirdness & Mutations

You do not eat.
Your natural rate of healing is unusually fast.
You have razor-sharp teeth.
You have supernaturally acute eyesight. (SInv)
You can survive without breathing.


Message History

The two-headed ogre is severely wounded.
You hit the bush but do no damage.
You block the two-headed ogre's attack. x2
You slash the two-headed ogre!
You kill the two-headed ogre!
Okawaru accepts your kill.
You hit the bush.
You hear a shout!
An ogre comes into view. It is wielding a +0 giant club.
You hear two shouts!
You hear a shout!
Things that are here:
a +0 giant spiked club; a cursed -2 giant spiked club; a two-headed ogre corpse You hit the ogre.
The ogre is lightly wounded.
You hit the bush.
The ogre hits you with a +0 giant club!!
You are too injured to fight recklessly!
You are too injured to fight recklessly!
You are too injured to fight recklessly!
You slash the ogre!
The ogre is almost dead.
You hit the bush but do no damage. You hit the ogre.
You kill the ogre!
Okawaru accepts your kill.
You hit the bush but do no damage.
A meliai comes into view. It is wielding a +0 war axe.
Things that are here:
a +0 shortbow; 8 arrows A deep elf mage comes into view.
It is wielding a +0 dagger.
The meliai hits you with a +0 war axe. The meliai stings you.
The deep elf mage points at you and mumbles some strange words.
The bolt of fire hits the bush!!
The bush is on fire!
The bolt of fire hits you! The meliai hits you with a +0 war axe.
* * * LOW HITPOINT WARNING * * *
The meliai stings you but does no damage.
The bush is engulfed in blazing flames.
You see here an arrow.
Okay, then.
Really quaff
m - a potion of heal wounds {@q2 !q}?
You feel much better. The meliai hits you but does no damage.
You block the meliai's attack.
The deep elf mage casts a spell.
The deep elf mage blinks!
The meliai barely misses you. You block the meliai's attack.
Really read
d - 3 scrolls of teleportation {@r3 !r}?
As you read the scroll of teleportation {@r3 !r}, it crumbles to dust.
You feel strangely unstable.
The bush is engulfed in blazing flames.
The meliai hits you with a +0 war axe! The meliai barely misses you.
The deep elf mage hits you but does no damage.
You block the meliai's attack. The meliai barely misses you.
You slash the deep elf mage!
The deep elf mage is moderately wounded.
You slash the meliai! You hit the bush. x2
The bush is engulfed in blazing flames.
The meliai calls down the wrath of its god upon you.
Something smites you! You block the deep elf mage's attack.
You block the meliai's attack. The meliai barely misses you.
The deep elf mage points at you and mumbles some strange words.
The sticky flame hits you.
You are covered in liquid flames!
You hear an angry buzzing noise.
You slash the deep elf mage!
The deep elf mage is heavily wounded.
You hit the bush but do no damage. x2; You hit the meliai.
You are covered in liquid flames!
Your surroundings seem slightly different.
The bush is engulfed in blazing flames.
The bush is destroyed!
The meliai hits you with a +0 war axe. You block the meliai's attack.
The deep elf mage gestures wildly while chanting.
You slash the meliai!
You kill the meliai!
Okawaru accepts your kill.
Your Shields skill increases to level 6!
You miss the deep elf mage. You completely miss the bush.
You slash the fire elemental! You hit the bush.
You are covered in liquid flames!
* * * LOW HITPOINT WARNING * * *
The fire elemental hits you. The fire elemental burns you!
* * * LOW HITPOINT WARNING * * *
The deep elf mage hits you but does no damage.
You are covered in liquid flames!
* * * LOW HITPOINT WARNING * * *
The deep elf mage hits you but does no damage.
You see here 3 arrows.
You are covered in liquid flames!
* * * LOW HITPOINT WARNING * * *
You block the fire elemental's attack.
You see here an arrow.
A red film seems to cover your vision as you go berserk!
You feel yourself moving faster!
You feel mighty! The fire elemental hits you. The fire elemental burns you!
* * * LOW HITPOINT WARNING * * *
The fire elemental hits the bush.
The fire elemental burns the bush!
The bush is on fire!
Your shield and scale mail prevent you from hitting the deep elf mage.
The deep elf mage is heavily wounded.
You completely miss the fire elemental.
The deep elf mage hits you with a +0 dagger.
You die...

#..(......#P..)#,,,,,,,,,*,,
#.###.#.###...§#,,,,,,,,,*,,
#.###.#.###P)..#,,,,,,,,,*,,
#.##<>....#...P#,,,,,,,,,*,,
#.##..#.###P..°#,,,,,,,,,*,,
#.......###.()P#,,,,,,,,,*,,
###.#.....#PE○.#,,,,,,,,,*,,
#...#####eE☼P#,,,,,,,,,*,,
###.# #@####****'******* #.#
#....#,,,,,,,,,*8, #.#
#....#,,,,,,,,,*,, #.#
#....#,,,,,,,,,*,, #)#
#....#,,,,,,,,,*,,
###.#####....######*****,,
#......##.........#,,,,,,,
#.#.##.##....#..⌠.#,,,,*,,
###.#.##.##....#.⌠..#,,,,*,,


You could see a deep elf mage and 2 fire elementals.

Vanquished Creatures
  A hydra (D:11)
  A centaur warrior (D:10)
  4 two-headed ogres
  A tengu warrior (D:11)
  A deep elf mage (D:10)
  A lindwurm (shapeshifter) (D:11)
  2 ugly things
  2 cyclopes
  2 centaur zombies
  Psyche (D:10)
  A komodo dragon (D:10)
  A meliai (D:10)
  2 trolls (D:11)
  A hornet (D:10)
  2 hippogriffs
  A slime creature (D:7)
  A spriggan (D:7)
  7 yaks
  A steam dragon (D:10)
  2 hungry ghosts
  Menkaure (D:7)
  2 water moccasins
  An ice beast (D:8)
  11 orc warriors
  A black bear (D:11)
  3 sky beasts
  A hornet zombie (D:8)
  5 ogres
  3 centaurs
  2 big kobolds
  9 bullfrogs
  A wyvern skeleton (D:11)
  5 scorpions
  11 killer bees
  6 howler monkeys
  14 wights
  4 crimson imps
  3 jellies
  A quasit (D:7)
  A bullfrog skeleton (D:5)
  A bullfrog zombie (D:7)
  12 orc priests
  4 hounds
  A gnoll shaman (D:5)
  16 orc wizards
  7 centaur skeletons
  7 iguanas
  4 worker ants
  Terence (D:2)
  A killer bee zombie (D:9)
  2 hound zombies
  2 hound skeletons
  2 worker ant zombies
  Robin (D:3)
  9 gnolls (D:5)
  A howler monkey skeleton (D:5)
  14 adders
  A river rat (D:3)
  A shadow imp (D:11)
  3 oozes
  2 worms
  2 dart slugs
  5 leopard geckos
  54 orcs
  6 bats
  5 giant cockroaches
  12 goblins
  9 hobgoblins
  14 jackals
  8 quokkas
  3 frilled lizards
  A jackal zombie (D:6)
  13 kobolds
  A quokka skeleton (D:6)
  A quokka zombie (D:8)
  5 rats
351 creatures vanquished.

Vanquished Creatures (others)
  An orc (D:11)
  A bush (D:10)
  2 plants (D:10)
4 creatures vanquished.

Grand Total: 355 creatures vanquished

Notes
Turn   | Place    | Note
-------+----------+-------------------------------------------
     0 | D:1      | EnegeticOcto the Vampire Monk began the quest for the Orb.
     0 | D:1      | Reached XP level 1. HP: 17/17 MP: 1/1
   169 | D:1      | Reached XP level 2. HP: 23/23 MP: 2/2
   337 | D:1      | Reached skill level 5 in Stealth
   715 | D:2      | Reached XP level 3. HP: 26/28 MP: 3/3
   827 | D:2      | Noticed Terence
   834 | D:2      | Killed Terence
   890 | D:2      | Reached XP level 4. HP: 35/35 MP: 4/4
  1251 | D:2      | Reached XP level 5. HP: 11/43 MP: 5/5
  1419 | D:3      | Reached skill level 5 in Fighting
  1722 | D:3      | Reached XP level 6. HP: 36/51 MP: 6/6
  1826 | D:3      | Noticed Robin
  1843 | D:3      | Killed Robin
  1937 | D:3      | Found a snail-covered altar of Cheibriados.
  2355 | D:4      | Found an ornate altar of the Wu Jian Council.
  2364 | D:4      | Found a shadowy altar of Dithmenos.
  2604 | D:4      | Found a blossoming altar of Fedhas.
  3026 | D:5      | Entered Level 5 of the Dungeon
  3027 | D:5      | Found a shattered altar of Ashenzari.
  3028 | D:5      | Found an iron altar of Okawaru.
  3028 | D:5      | Found a hide-covered altar of Uskayaw.
  3032 | D:5      | Found a white marble altar of Elyvilon.
  3040 | D:5      | Became a worshipper of Warmaster Okawaru
  3040 | D:5      | Reached * piety under Okawaru
  3040 | D:5      | Reached ** piety under Okawaru
  3170 | D:5      | Reached skill level 1 in Axes
  3220 | D:5      | Found a staircase to the Ecumenical Temple.
  3253 | D:5      | Reached XP level 7. HP: 40/58 MP: 4/7
  3395 | D:5      | Reached skill level 1 in Armour
  3406 | D:5      | Reached skill level 2 in Axes
  3794 | D:5      | Found Busuidwi's Gadget Shoppe.
  4197 | D:6      | Reached skill level 3 in Axes
  4674 | D:6      | Reached *** piety under Okawaru
  4674 | D:6      | Reached XP level 8. HP: 54/65 MP: 5/8
  4859 | D:6      | Reached skill level 4 in Axes
  4978 | D:6      | Found Ushi's General Store.
  5038 | D:6      | Reached skill level 1 in Invocations
  5234 | D:7      | Noticed a slime creature
  5247 | D:7      | Killed a slime creature
  5444 | D:7      | Reached skill level 5 in Axes
  5479 | D:7      | Noticed Menkaure
  5483 | D:7      | Killed Menkaure
  5524 | D:7      | Reached **** piety under Okawaru
  6346 | D:7      | Reached XP level 9. HP: 49/72 MP: 5/11
  6633 | D:8      | Reached skill level 6 in Axes
  7088 | D:8      | Reached ***** piety under Okawaru
  7270 | D:8      | Reached skill level 7 in Axes
  7366 | D:8      | Found a snail-covered altar of Cheibriados.
  7599 | D:8      | Found Xikkeser's Elemental Accessories.
  7778 | D:8      | Reached XP level 10. HP: 48/80 MP: 11/13
  8459 | D:9      | Received a gift from Okawaru
  8616 | D:9      | Reached skill level 8 in Axes
  8619 | D:9      | Reached skill level 5 in Armour
  8807 | D:9      | Noticed a two-headed ogre
  8818 | D:9      | Killed a two-headed ogre
  9018 | D:9      | Found Kingaw's Weapon Shop.
  9074 | D:10     | Entered Level 10 of the Dungeon
  9225 | D:9      | Reached skill level 9 in Axes
  9285 | D:10     | Noticed a two-headed ogre
  9381 | D:10     | Killed a two-headed ogre
  9450 | D:10     | Noticed Psyche
  9456 | D:10     | Killed Psyche
  9456 | D:10     | Received a gift from Okawaru
  9816 | D:10     | Found Vobam's Antique Armour Boutique.
  9820 | D:10     | Bought a glowing shield for 195 gold pieces
  9820 | D:10     | Bought a dazzling helmet for 247 gold pieces
  9836 | D:10     | Identified the +0 helmet of the Stag {Str+4} (You bought it
                  | in a shop on level 10 of the Dungeon)
  9842 | D:10     | Found a staircase to the Lair.
  9891 | D:10     | Reached skill level 10 in Axes
 10231 | D:10     | Reached skill level 1 in Shields
 10231 | D:10     | Reached XP level 11. HP: 69/89 MP: 12/14
 10416 | D:10     | Paralysed by a hornet for 2 turns
 10604 | D:11     | Noticed a green ugly thing
 10604 | D:11     | Noticed a two-headed ogre
 10633 | D:11     | Noticed a centaur warrior
 10644 | D:10     | Killed a two-headed ogre
 10650 | D:10     | Killed a green ugly thing
 10652 | D:10     | Received a gift from Okawaru
 10659 | D:10     | Got a jewelled double sword {god gift}
 10660 | D:10     | Identified the +1 double sword of Change {slice, rN+ Int+5}
                  | (Okawaru gifted it to you on level 10 of the Dungeon)
 10847 | D:11     | Noticed a deep elf mage
 10854 | D:10     | Killed a centaur warrior
 10894 | D:11     | Noticed a tengu warrior
 10929 | D:10     | Killed a deep elf mage
 10929 | D:10     | Reached skill level 10 in Fighting
 10929 | D:10     | Reached skill level 11 in Axes
 11263 | D:11     | Noticed a cyan ugly thing
 11274 | D:11     | Killed a tengu warrior
 11275 | D:11     | Killed a cyan ugly thing
 11277 | D:11     | Received a gift from Okawaru
 11278 | D:11     | Found the +0 mask of the Dragon {MR+ Slay+3 SInv}
 11630 | D:11     | Noticed an anaconda
 11637 | D:11     | Noticed a lindwurm
 11637 | D:11     | an anaconda changed into a lindwurm
 11645 | D:11     | Killed a lindwurm
 11645 | D:11     | Reached skill level 12 in Axes
 11648 | D:11     | Reached XP level 12. HP: 43/97 MP: 8/15
 11786 | D:11     | Reached skill level 5 in Shields
 12093 | D:11     | Noticed a six-headed hydra
 12101 | D:11     | Killed a one-headed hydra
 12185 | D:11     | Found a sparkling altar of Nemelex Xobeh.
 12227 | D:11     | Reached ****** piety under Okawaru
 12408 | D:11     | Found Zudaqa's Armour Shop.
 12512 | D:11     | Found a staircase to the Orcish Mines.
 13121 | D:10     | Noticed a two-headed ogre
 13127 | D:10     | Killed a two-headed ogre
 13144 | D:10     | HP: 3/145 [fire elemental[a deep elf mage] (11)]
 13145 | D:10     | Slain by a deep elf mage

Levels and vault maps discovered:
D:1:      dpeg_arrival_stonehenge_12_columns, layout_loops_ring
D:2:      layout_basic, uniq_terence
D:3:      layout_rooms, lemuel_coloured_pillars_altar, serial_rivers,
          chequers_serial_rivers_micro_d, chequers_serial_rivers_micro_e,
          chequers_serial_rivers_room_a, chequers_serial_rivers_micro_c,
          chequers_serial_rivers_small_b, gup_sewer_entry_spiral, first_ration,
          uniq_robin
D:4:      wander_river, layout_loops_ring, nicolae_overflow_crystal_walls,
          fedhas_altar_2, nicolae_dithmenos_shadow_blocks
D:5:      layout_basic, chequers_temple_overflow_statue_of_worship,
          minmay_temple_entry_purple_smoke, serial_shops, shop
D:6:      layout_rooms, serial_shops, nicolae_shop_crystal
D:7:      layout_basic, st_stairs_10, the_bakery, uniq_menkaure
D:8:      cheibrodos_quashed, layout_loops_cross, basic_altar,
          nicolae_elemental_shop, minmay_misc_feat_alley
D:9:      layout_basic, serial_shops, shop, special_room [special_room_orc]
D:10:     minmay_klotski, layout_loops_cross, david_lair_shrubbed, serial_shops,
          shop_fountains, uniq_psyche
D:11:     hangedman_cross_cluster, layout_layer_cave, basic_altar, serial_shops,
          shop

Skill      XL: |  1  2  3  4  5  6  7  8  9 10 11 12 |
---------------+-------------------------------------+-----
Stealth        | 4 5 |  5.0
Fighting       | 3 4 5 6 7 8 9 10 | 10.0
Dodging        | 4 |  4.0
Axes           | 1 3 5 7 10 12 | 12.7
Armour         | 2 3 4 5 |  5.0
Invocations    | 2 4 |  4.0
Shields        | 1 4 6 |  6.0
Short Blades   | |  3.2

Action                   |  1- 3 |  4- 6 |  7- 9 | 10-12 || total
-------------------------+-------+-------+-------+-------++-------
Melee: Short sword       |    44 |   276 |   392 |       ||   712
       Bite              |     2 |    32 |    61 |    55 ||   150
       War axe           |       |       |    86 |   101 ||   187
       Battleaxe         |       |       |    43 |       ||    43
       Broad axe         |       |       |       |   391 ||   391
Invok: Heroism           |       |       |     1 |     3 ||     4
Evoke: Wand              |       |       |     9 |     3 ||    12
  Use: Scroll            |       |    12 |     9 |    11 ||    32
       Potion            |       |     1 |     3 |     3 ||     7
 Stab: Sleeping          |    10 |     2 |     2 |     1 ||    15
       Distracted        |       |       |     1 |     1 ||     2
       Paralysed         |       |       |       |     3 ||     3
Armor: Robe              |     8 |       |       |       ||     8
       Scale mail        |       |   100 |   215 |   320 ||   635
       Skin              |       |       |    17 |       ||    17
Dodge: Dodged            |    27 |   102 |   281 |   271 ||   681
Block: Shield            |       |       |       |   200 ||   200

Table legend:
 A = Non-vault XP
 B = Vault XP
 C = Vault XP percentage of total XP
 D = Non-vault monster count
 E = Vault monster count
 F = Vault count percentage of total count
                 A         B        C        D         E       F
            +---------+---------+-------+---------+---------+-------
      Total |   16143 |   11168 |  40.9 |     272 |      79 |  22.5
            +---------+---------+-------+---------+---------+-------
        D:1 |      29 |       0 |   0.0 |      18 |       0 |   0.0
        D:2 |     134 |      36 |  21.2 |      13 |       1 |   7.1
        D:3 |     213 |      58 |  21.4 |      24 |      18 |  42.9
        D:4 |      85 |       0 |   0.0 |      12 |       0 |   0.0
        D:5 |     508 |       0 |   0.0 |      24 |       0 |   0.0
        D:6 |     676 |       0 |   0.0 |      20 |       0 |   0.0
        D:7 |     495 |     744 |  60.0 |      20 |       5 |  20.0
        D:8 |    2801 |     132 |   4.5 |      48 |       2 |   4.0
        D:9 |    2059 |     242 |  10.5 |      20 |      23 |  53.5
       D:10 |    4822 |    5958 |  55.3 |      40 |      16 |  28.6
       D:11 |    4321 |    3998 |  48.1 |      33 |      14 |  29.8
            +---------+---------+-------+---------+---------+-------
